 Dungeon Crawl Stone Soup version 0.29-a0-334-gb41bcbb86e (webtiles) character file.

Game seed: 4351017704979313520

562 spaghetti the Merchant of Misery (level 7, 13/56 HPs)
             Began as a Deep Dwarf Arcane Marksman on Apr 15, 2022.
             Was a Believer of Kikubaaqudgha.
             Quit the game in a sewer.
             The game lasted 00:10:51 (4251 turns).

spaghetti the Merchant of Misery (DDAM)             Turns: 4251, Time: 00:10:52

Health: 13/56      AC:  2    Str: 18 (20) XL:     7   Next: 10%
Magic:  1/9        EV: 12    Int: 13 (15) God:    Kikubaaqudgha [**....]
Gold:   244        SH:  0    Dex: 17 (19) Spells: 3/10 levels left

rFire   . . .      SeeInvis .   b - staff of death {!astaff}
rCold   . . .      Faith    .   (no shield)
rNeg    + . .      Spirit   .   g - +0 robe
rPois   .          Reflect  .   (no helmet)
rElec   .          Harm     .   (no cloak)
rCorr   .          Rampage  .   (no gloves)
Will    +....                   (no boots)
Stlth   ++........              (no amulet)
HPRegen 0.00/turn               m - +6 ring of strength
MPRegen 0.11/turn               y - +6 ring of dexterity

@: no status effects
A: damage resistance, heal wounds, sense surroundings 1, no regeneration
a: Heal Wounds, Renounce Religion, Receive Corpses


You were in a sewer.
You worshipped Kikubaaqudgha.
Kikubaaqudgha was pleased with you.
You visited 1 branch of the dungeon, and saw 5 of its levels.
You also visited: Sewer.

You collected 244 gold pieces.


Innate Abilities, Weirdness & Mutations

You are resistant to damage.
You can heal yourself by infusing magical energy.
You passively map a small area around you.
You do not regenerate.


   Skills:
 - Level 0.8 Fighting
 - Level 2.1 Crossbows
 - Level 2.1 Dodging
 - Level 2.1 Spellcasting
 - Level 3.5 Hexes
 + Level 6.9 Necromancy


You had 3 spell levels left.
You knew the following spells:

 Your Spells              Type           Power      Damage    Failure   Level
a - Slow                  Hex            40%        N/A       6%          1
b - Animate Skeleton      Necr           58%        N/A       1%          1
c - Sublimation of Blood  Necr           29%        N/A       2%          2
d - Vampiric Draining     Necr           29%        2d8       4%          3

Your spell library contained the following spells:

 Spells                   Type           Power      Damage    Failure   Level
 Inner Flame              Hex/Fire       5%         N/A       36%         3
 Portal Projectile        Hex/Tloc       10%        N/A       36%         3
 Agony                    Necr           29%        N/A       36%         5
 Cause Fear               Hex            5%         N/A       52%         4

Inventory:

Hand Weapons
 a - a +3 hunting sling of flaming {sling}
   (You found it on level 1 of the Dungeon)
 d - a +0 hand crossbow {crossbow}
 n - a +1 dagger of venom {short}
   (You took it off an orc on level 3 of the Dungeon)
 o - the +4 long sword of Tartarus {vorpal, rN+ Str+4 Dex-5 Stlth+, long}
   (You found it on level 2 of the Dungeon)

   It inflicts extra damage upon your enemies.
   Str:       It affects your strength (+4).
   Dex:       It affects your dexterity (-5).
   rN:        It protects you from negative energy.
   Stlth:     It makes you more stealthy.
 r - a +1 dagger of freezing {short}
   (You took it off a kobold in a sewer)
Missiles
 e - 142 stones {throwing}
 f - 2 poisoned darts {throwing}
 u - 3 boomerangs of dispersal {=f!fthrowing}
Armour
 g - a +0 robe (worn)
Magical Staves
 b - a staff of death (weapon) {!astaff}
   (You found it on level 1 of the Dungeon)
Jewellery
 m - a +6 ring of strength (left hand)
   (You found it on level 1 of the Dungeon)
 p - a ring of resist corrosion
   (You found it on level 5 of the Dungeon)
 q - a ring of poison resistance
   (You found it on level 3 of the Dungeon)
 y - a +6 ring of dexterity (right hand)
   (You found it on level 4 of the Dungeon)
Scrolls
 c - 4 scrolls of vulnerability {!r!r}
 h - a scroll of enchant weapon
 i - 2 scrolls of holy word
 j - 2 scrolls of teleportation {@r4}
Potions
 k - 2 potions of brilliance
 t - a potion of flight

Dungeon Overview and Level Annotations

Branches:
Dungeon (5/15)              Sewer (1/1)
 Temple: D:4-7

Altars:
Hepliaklqana
Kikubaaqudgha
The Shining One

####### * * * * .#≈≈≈≈≈
≈≈≈ ≈ .≈≈≈≈≈≈ ≈≈≈ ≈ ≈
#* .#≈≈≈≈≈≈ ≈ ≈≈ ≈#* ,
* .#
##*############.##*
.#≈≈≈≈≈≈≈≈≈≈≈≈≈≈K5)≈≈#
,, * .#
≈≈≈≈≈≈≈≈≈≈@#K≈≈#
.#≈≈≈≈≈≈≈≈≈≈≈≈≈≈.#K≈≈#
≈ , ≈
.#≈≈≈≈≈≈≈≈≈≈≈≈≈≈.#K.≈#
.#≈≈≈≈≈≈≈≈≈≈≈≈≈..#5≈≈#
* .#
≈≈≈≈≈≈≈≈≈≈....#.≈≈#*
.####≈#≈≈###≈#.####K##*
, .#.............≈≈#...
, ..))..........≈≈≈≈...
.#.............≈≈#...#


You could see a shadow imp and a kobold.


Message History

The poisoned dart hits you!
You are poisoned.
Fire: a) +3 hunting sling (flame) {sling}
Press: ? - help, Q - select action, (/) - cycle Shift-Dir - straight line, f/p - kobold brigand
Aim: a kobold brigand, wielding a +0 dagger and quivering poisoned darts (53% to hit)
You shoot a sling bullet.
The sling bullet hits the kobold brigand.
The sling bullet burns the kobold brigand.
The kobold brigand throws a poisoned dart.
The poisoned dart hits you!
You are more poisoned.
Fire: a) +3 hunting sling (flame) {sling}
Press: ? - help, Q - select action, (/) - cycle Shift-Dir - straight line, f/p - kobold brigand
Aim: a kobold brigand, wielding a +0 dagger and quivering poisoned darts (lightly wounded, 53% to hit)
You shoot a sling bullet.
The sling bullet hits the kobold brigand.
The sling bullet burns the kobold brigand.
The kobold brigand throws a poisoned dart.
The poisoned dart hits you!
You are more poisoned. 😨 MP[+1] Fire: a) +3 hunting sling (flame) {sling}
Press: ? - help, Q - select action, (/) - cycle Shift-Dir - straight line, f/p - kobold brigand
Aim: a kobold brigand, wielding a +0 dagger and quivering poisoned darts (moderately wounded, 53% to hit)
You shoot a sling bullet.
The sling bullet hits the kobold brigand.
The sling bullet burns the kobold brigand.
Fire: a) +3 hunting sling (flame) {sling}
Press: ? - help, Q - select action, (/) - cycle Shift-Dir - straight line, f/p - kobold brigand
Aim: a kobold brigand, wielding a +0 dagger and quivering poisoned darts (heavily wounded, 53% to hit)
You shoot a sling bullet.
The sling bullet closely misses the kobold brigand.
The kobold brigand throws a poisoned dart.
The poisoned dart barely misses you.
Fire: a) +3 hunting sling (flame) {sling}
Press: ? - help, Q - select action, (/) - cycle Shift-Dir - straight line, f/p - kobold brigand
Aim: a kobold brigand, wielding a +0 dagger and quivering poisoned darts (heavily wounded, 53% to hit)
You shoot a sling bullet.
The sling bullet hits the kobold brigand!
The sling bullet burns the kobold brigand.
The kobold brigand throws a poisoned dart.
The poisoned dart closely misses you.
A kobold comes into view. It is wielding a +0 short sword.
Your +3 hunting sling of flaming {sling} stops flaming.
b - a staff of death (weapon)
{!astaff} Really attack while wielding your staff of death {!astaff}?
The kobold shouts!
You hit the kobold brigand but do no damage.
You hear a shout! x2
A kobold comes into view. It is wielding a +0 club.
The kobold brigand barely misses you.
A shadow imp comes into view.
You hear an angry hiss.
You barely miss the kobold brigand.
The kobold brigand hits you with a +0 dagger.
* * * LOW HITPOINT WARNING * * *
😨 HP[-4]
You take 4 damage, and now have 16/50 hp.
Unknown command.
You closely miss the kobold brigand. The kobold brigand misses you.
The kobold brigand hits you with a +0 dagger!
* * * LOW HITPOINT WARNING * * *
😱 HP[-5]
You take 5 damage, and now have 11/50 hp.
You barely miss the kobold brigand.
A kobold comes into view. It is wielding a +0 dagger. 😱 MP[+1]
You are no longer poisoned.
Okay, then.
Casting: Vampiric Draining (dangerous; 4% risk of failure)
Confirm with . or Enter, or press ? or * to list all spells.
Aiming: Vampiric Draining (dangerous; 4% risk of failure)
Press: ? - help, Shift-Dir - straight line, f/p - kobold brigand
Aim: a kobold brigand, wielding a +0 dagger and quivering poisoned darts (almost dead)
You feel a surge of power!
You draw life force from the kobold brigand!
You kill the kobold brigand!
Kikubaaqudgha accepts your kill.
You feel life coursing into your body.
You feel your strength returning.
You have reached level 7! 😱 HP[+2] MP[-3]
You now have 56 max hp (+6).
You regained 2 hp, and now have 13/56 hp.
You lost 3 mp, and now have 0/9 mp.
You aren't carrying any items that you can evoke.
Okay, then.
As you read the scroll labelled QYBBYHEWIU, it crumbles to dust.
You hear a loud clanging noise!
It was a scroll of noise.
You hear an angry hiss.
You hear a shout!
You hear an angry hiss.
You hear a shout! x2; You hear a chilling moan.
As you read the scroll of fear, it crumbles to dust.
You assume a fearsome visage.
The kobold looks frightened! x2
You close the door, pushing everything out of the way.
You see here 2 poisoned darts.
A kobold opens the door. 😱 MP[+1]
You see here 2 poisoned darts {throwing}.
Are you sure you want to abandon this character and quit the game? (Confirm with "yes".)

Skill      XL: |  1  2  3  4  5 |
---------------+----------------+-----
Hexes          | 3 |  3.5
Spellcasting   | 2 |  2.1
Necromancy     | 3 6 |  6.9
Fighting       | |  0.8
Crossbows      | |  2.1
Dodging        | |  2.1

Action                   |  1- 3 |  4- 6 |  7- 9 || total
-------------------------+-------+-------+-------++-------
Melee: Staff             |    43 |    62 |       ||   105
       Hunting sling     |       |     1 |       ||     1
 Fire: Hunting sling     |   107 |    40 |       ||   147
 Cast: Animate Skeleton  |     6 |       |       ||     6
       Slow              |     9 |     9 |       ||    18
       Vampiric Draining |       |    21 |       ||    21
 Abil: Heal Wounds       |     1 |     2 |       ||     3
Evoke: Wand              |       |     7 |       ||     7
  Use: Potion            |     4 |     4 |       ||     8
       Scroll            |       |     8 |     2 ||    10
Armor: Robe              |    21 |    13 |       ||    34
Dodge: Dodged            |    72 |    58 |       ||   130

Levels and vault maps discovered:
D:1:      dpeg_arrival_three_same_balls, layout_basic,
          chequers_ecumenical_altar_simple
D:2:      layout_loops_ring, corexii_hall_statues_i
D:3:      layout_loops_ring, mainiacjoe_overflow_surrounded_room
D:4:      layout_loops_ring, kennysheep_mini_moat
D:5:      kennysheep_windowed_halls, layout_rooms, okawaru_metal_pillars_1_2,
          serial_co_window_serial, co_window_paths_a, co_window_paths_a,
          co_window_corner_a, co_window_corner_a, co_window_paths_a,
          co_window_corner_cb, co_window_corner_b, co_window_unsneaky_path_e,
          co_window_broadway_c, glass_columns_a, portal_sewer_entry_f,
          kennysheep_generic_room_5, uniq_prince_ribbit1,
          uniq_crazy_yiuf_cottage
Sewer:    kennysheep_sewer_church

Notes
Turn   | Place    | Note
-------+----------+-------------------------------------------
     0 | D:1      | spaghetti the Deep Dwarf Arcane Marksman began the quest
                  | for the Orb.
     0 | D:1      | Reached XP level 1. HP: 16/16 MP: 2/2
     0 | D:1      | magus.rc [v1.9.6]
    69 | D:1      | Found a faded altar of an unknown god.
    78 | D:1      | Prayed at the altar of an unknown god.
    78 | D:1      | Became a worshipper of Kikubaaqudgha
    78 | D:1      | Reached * piety under Kikubaaqudgha
    78 | D:1      | You add the spells Animate Skeleton, Sublimation of Blood,
                  | Vampiric Draining and Agony to your library.
    78 | D:1      | Received a gift from Kikubaaqudgha
   166 | D:1      | Learned a level 1 spell: Animate Skeleton
   257 | D:1      | Reached skill level 3 in Hexes
   257 | D:1      | Reached XP level 2. HP: 24/24 MP: 3/3
  1061 | D:2      | Identified the +4 long sword of Tartarus {vorpal, rN+ Str+4
                  | Dex-5 Stlth+}
  1242 | D:2      | HP: 4/24 [worm (6)]
  1271 | D:2      | Reached XP level 3. HP: 18/30 MP: 2/4
  1274 | D:2      | Learned a level 2 spell: Sublimation of Blood
  1970 | D:3      | Reached ** piety under Kikubaaqudgha
  2012 | D:3      | Reached skill level 2 in Spellcasting
  2015 | D:3      | Reached XP level 4. HP: 25/37 MP: 5/7
  2019 | D:3      | Learned a level 3 spell: Vampiric Draining
  2049 | D:3      | HP: 5/37 [white imp/puff of frost (9)]
  2051 | D:3      | Reached skill level 1 in Necromancy
  2183 | D:3      | Found a glowing golden altar of the Shining One.
  2759 | D:4      | Noticed a scorpion
  2767 | D:4      | Killed a scorpion
  2768 | D:4      | Reached skill level 3 in Necromancy
  2768 | D:4      | Reached XP level 5. HP: 12/43 MP: 0/7
  3112 | D:4      | Found a hazy altar of Hepliaklqana.
  3293 | D:4      | Reached skill level 4 in Necromancy
  3440 | D:5      | Entered Level 5 of the Dungeon
  3658 | D:5      | Noticed Prince Ribbit
  3662 | D:5      | Killed Prince Ribbit
  3663 | D:5      | Reached skill level 6 in Necromancy
  3663 | D:5      | Reached XP level 6. HP: 15/50 MP: 8/8
  3762 | D:5      | Found a glowing drain.
  3789 | Sewer    | Entered a sewer
  3876 | Sewer    | HP: 12/50 [shadow imp/nerve-wracking pain (10)]
  4240 | Sewer    | HP: 11/50 [kobold brigand/+0 dagger (5)]
  4244 | Sewer    | Reached XP level 7. HP: 13/56 MP: 0/9
  4251 | Sewer    | Quit the game

Vanquished Creatures
  Prince Ribbit (D:5)
  2 kobold brigands
  A scorpion (D:4)
  A hound (D:5)
  3 adders (D:3)
  2 shadow imps (Sewer)
  A white imp (D:3)
  2 worms (D:2)
  2 dart slugs
  5 orcs
  5 ball pythons
  9 bats
  3 endoplasms
  6 giant cockroaches
  3 goblins
  5 hobgoblins
  13 kobolds
  3 quokkas
  3 frilled lizards
  7 rats
77 creatures vanquished.

Vanquished Creatures (others)
  2 kobold zombies (Sewer)
2 creatures vanquished.

Grand Total: 79 creatures vanquished

Table legend:
 A = Non-vault XP
 B = Vault XP
 C = Vault XP percentage of total XP
 D = Non-vault monster count
 E = Vault monster count
 F = Vault count percentage of total count
                 A         B        C        D         E       F
            +---------+---------+-------+---------+---------+-------
      Total |     377 |     427 |  53.1 |      59 |      18 |  23.4
            +---------+---------+-------+---------+---------+-------
        D:1 |      27 |       0 |   0.0 |      18 |       0 |   0.0
        D:2 |      25 |       0 |   0.0 |      11 |       0 |   0.0
        D:3 |      90 |       0 |   0.0 |      24 |       0 |   0.0
        D:4 |     192 |       0 |   0.0 |       5 |       0 |   0.0
        D:5 |      43 |     291 |  87.1 |       1 |       5 |  83.3
      Sewer |       0 |     136 | 100.0 |       0 |      13 | 100.0
            +---------+---------+-------+---------+---------+-------

Illustrated notes

Table legend:
 A = Kills in this place as a percentage of kills in entire the game.
 B = Kills by you in this place as a percentage of kills by you in the entire game.
 C = Kills by friends in this place as a percentage of kills by friends in the entire game.
 D = Other kills in this place as a percentage of other kills in the entire game.
 E = Experience gained in this place as a percentage of experience gained in the entire game.
 F = Experience gained in this place divided by the number of levels of this place that you have seen.
                   A       B       C       D       E      F
               +-------+-------+-------+-------+-------+----------------------
         Total | 100.0 | 100.0 |   N/A |   N/A | 100.0 | 134.0
       Dungeon |  83.1 |  83.1 |   N/A |   N/A |  83.1 | 133.6
         Sewer |  16.9 |  16.9 |   N/A |   N/A |  16.9 | 136.0
               +-------+-------+-------+-------+-------+----------------------

Table legend: (Time is in decaauts)
 A = Elapsed time spent in this place.
 B = Non-inter-level travel time spent in this place.
 C = Inter-level travel time spent in this place.
 D = Time resting spent in this place.
 E = Time spent auto-exploring this place.
 F = Levels seen in this place.
 G = Mean time per level.
                   A        B        C        D        E       F      G
               +--------+--------+--------+--------+--------+-----+--------+
         Total |   4345 |   4225 |    120 |    614 |   2854 |   6 |  724.2 |
       Dungeon |   3876 |   3756 |    120 |    390 |   2714 |   5 |  775.2 |
         Sewer |    469 |    469 |      0 |    223 |    139 |   1 |  469.0 |
               +--------+--------+--------+--------+--------+-----+--------+

Top non-repeatable levels by time:
     D:3: 948 daAuts
     D:2: 938 daAuts
     D:1: 844 daAuts
     D:4: 843 daAuts
   Sewer: 469 daAuts
     D:5: 301 daAuts
